Map: [ESL] Crimson Court

Players

Cham - Winner!

  • Race: Zerg Zerg
  • Spawn Location: 7:00

Dolan

  • Race: Terran Terran
  • Spawn Location: 1:00

Event: ESL SC2 Masters 2024 Spring (Regional)

VOD

Have the link to the VOD?

Description

Time

  • Played on: April 18, 2024, 2:20 p.m.
  • Length: 11:47

All games in this series

Show
View Real Time Build Order
Export as new Build Order

Cham Zerg - Winner!

Build Orders: Hatch First, Lurkers, Roach Hydra 

Get SALT Encoding   

  12  0:00  Drone  
  13  0:13  Overlord  
  13  0:19  Drone  
  14  0:31  Drone x2  
  16  0:50  Hatchery  
  16  0:51  Drone  
  16  0:54  Drone  
  17  0:58  Drone  
  18  1:12  Spawning Pool  
  18  1:13  Extractor  
  18  1:18  Drone  
  17  1:20  Drone  
  18  1:29  Drone  
  19  1:39  Drone  
  20  1:50  Drone  
  21  2:01  Queen x2  
  21  2:02  Zergling x4  
  27  2:12  Overlord  
  27  2:15  Drone  
  28  2:19  Metabolic Boost  
  28  2:29  Hatchery  
  27  2:33  Drone  
  27  2:35  Drone  
  29  2:37  Overlord  
  29  2:42  Drone  
  31  2:44  Drone  
  31  2:49  Queen  
  33  2:53  Drone  
  33  2:54  Drone  
  33  2:56  Drone  
  35  3:05  Drone  
  36  3:08  Drone  
  36  3:11  Drone  
  36  3:12  Drone x2  
  40  3:13  Drone x2  
  40  3:15  Overlord  
  42  3:32  Overlord  
  42  3:33  Queen x2  
  46  3:36  Zergling x6  
  49  3:43  Drone, Queen  
  49  3:44  Drone  
  53  3:49  Drone x3  
  53  3:54  Drone  
  53  3:55  Overlord, Drone  
  58  4:02  Drone x3  
  61  4:05  Overlord  
  61  4:08  Zergling x4  
  63  4:10  Queen  
  63  4:15  Queen  
  67  4:17  Drone x2  
  67  4:20  Overlord  
  69  4:24  Drone  
  69  4:25  Drone x2  
  69  4:30  Drone x2  
  69  4:31  Queen  
  74  4:33  Drone x2  
  74  4:35  Drone  
  74  4:37  Drone  
  80  4:42  Spore Crawler  
  80  4:43  Spore Crawler, Extractor  
  80  4:45  Spore Crawler  
  76  4:46  Roach Warren  
  76  4:47  Drone  
  76  4:51  Lair  
  76  4:53  Drone  
  76  4:54  Drone  
  76  4:55  Drone  
  76  4:56  Drone  
  76  4:57  Drone  
  76  4:58  Drone  
  76  4:59  Drone  
  83  5:00  Drone  
  83  5:02  Drone  
  83  5:03  Extractor x2  
  83  5:05  Spore Crawler  
  82  5:09  Overlord  
  82  5:10  Drone  
  82  5:11  Drone x3  
  86  5:14  Overlord  
  86  5:17  Drone x2  
  86  5:20  Extractor  
  86  5:21  Extractor  
  86  5:22  Evolution Chamber, Overlord  
  86  5:23  Evolution Chamber  
  86  5:25  Drone  
  86  5:26  Drone x2  
  87  5:34  Drone  
  88  5:36  Drone x2  
  88  5:37  Drone  
  88  5:39  Hatchery  
  90  5:44  Overlord, Drone  
  90  5:46  Roach x3  
  97  5:51  Overlord  
  97  5:52  Overlord  
  97  5:54  Glial Reconstitution  
  97  6:00  Infestation Pit, Drone x2  
  97  6:01  Roach  
  97  6:04  Zerg Ground Armor Level 1  
  100  6:08  Zerg Missile Weapons Level 1  
  100  6:10  Roach x3  
  106  6:15  Overlord  
  106  6:17  Ravager x3  
  107  6:19  Overseer  
  107  6:23  Drone x3  
  107  6:24  Drone  
  107  6:32  Overlord, Drone  
  107  6:34  Drone x7  
  114  6:40  Hive  
  114  6:41  Hydralisk Den, Drone  
  114  6:46  Drone x2  
  116  6:47  Overlord  
  116  6:48  Unknown  
  116  6:52  Drone x2  
  116  6:53  Overlord  
  117  6:55  Spore Crawler  
  117  6:59  Roach x3  
  122  7:02  Drone x2  
  122  7:06  Overlord  
  124  7:10  Hatchery  
  124  7:15  Drone  
  124  7:16  Hydralisk x2  
  124  7:17  Lurker Den  
  124  7:21  Hydralisk x2  
  131  7:25  Overlord  
  131  7:28  Overlord  
  131  7:31  Hydralisk x3  
  131  7:35  Zergling x8  
  137  7:37  Overlord  
  137  7:55  Viper x3  
  142  7:59  Zergling x10  
  144  8:14  Lurker x3  
  144  8:15  Lurker x4  
  144  8:16  Zergling x4  
  144  8:17  Zergling x16  
  161  8:20  Overlord  
  161  8:23  Drone x5  
  161  8:24  Zerg Ground Armor Level 2  
  164  8:29  Zergling x4  
  164  8:36  Drone x3  
  164  8:41  Drone x4  
  163  8:42  Drone  
  163  8:43  Adaptive Talons  
  163  8:52  Zerg Missile Weapons Level 2  
  163  8:53  Overlord  
  163  8:54  Overlord  
  163  8:56  Pneumatized Carapace  
  163  8:58  Drone  
  163  8:59  Grooved Spines  
  163  9:01  Zergling x2, Nydus Network  
  163  9:02  Zergling x22  
  175  9:10  Spore Crawler  
  175  9:11  Spore Crawler  
  175  9:12  Spine Crawler  
  175  9:15  Spore Crawler, Drone x2  
  174  9:17  Drone x2  
  174  9:18  Extractor x2  
  174  9:20  Hydralisk x5  
  174  9:24  Overlord  
  183  9:40  Seismic Spines  
  183  9:44  Hydralisk x7  
  183  9:45  Hydralisk x3  
  181  9:50  Unknown, Muscular Augments  
  181  9:51  Drone  
  181  10:01  Hydralisk x3  
  181  10:02  Hydralisk x4  
  181  10:03  Lurker  
  181  10:04  Lurker  
  188  10:15  Unknown  
  173  10:33  Unknown  
  164  10:37  Lurker x6  
  164  10:40  Nydus Canal  
  170  10:45  Hydralisk x2  
  170  10:46  Zergling x30  
  189  11:02  Hydralisk x3  
  189  11:03  Hydralisk x2  
  199  11:08  Hydralisk  
  199  11:09  Hydralisk x5  
  199  11:11  Overseer  
  182  11:18  Hydralisk  
  174  11:20  Hydralisk  
  174  11:22  Hydralisk x2  
Show
View Real Time Build Order
Export as new Build Order

Dolan Terran 

Build Orders: Command Center First, Hellion Banshee 

Get SALT Encoding   

  12  0:00  SCV  
  13  0:12  SCV  
  14  0:16  Supply Depot  
  14  0:24  SCV  
  15  0:38  SCV  
  16  0:50  SCV  
  17  0:57  Command Center  
  17  1:02  SCV  
  18  1:12  Barracks  
  18  1:14  SCV  
  19  1:19  Refinery  
  19  1:26  SCV  
  19  1:28  Refinery  
  20  1:39  SCV  
  21  1:51  SCV  
  22  2:01  Reaper  
  23  2:03  Orbital Command  
  23  2:08  Orbital Command  
  23  2:16  Factory  
  23  2:29  SCV  
  24  2:35  SCV  
  25  2:37  Barracks Reactor  
  25  2:41  SCV  
  26  2:47  SCV  
  26  2:49  Supply Depot  
  27  2:53  SCV  
  28  2:59  SCV, Starport  
  28  3:05  SCV  
  30  3:11  SCV  
  31  3:17  SCV, Hellion x2  
  31  3:18  Command Center  
  36  3:23  Supply Depot  
  36  3:25  Barracks Tech Lab  
  36  3:28  SCV  
  36  3:29  SCV  
  38  3:40  SCV  
  39  3:41  SCV  
  39  3:46  Hellion x2  
  44  3:48  Cloaking Field  
  44  3:49  Banshee  
  44  3:53  Supply Depot  
  47  3:56  SCV  
  47  3:57  SCV  
  47  3:59  Barracks Tech Lab  
  49  4:08  SCV  
  49  4:09  SCV, Hellion  
  53  4:14  Hellion  
  55  4:17  Engineering Bay  
  55  4:20  Engineering Bay  
  55  4:24  SCV x2  
  57  4:25  Stimpack, Marine  
  59  4:35  Orbital Command  
  59  4:36  SCV x2  
  60  4:39  Banshee  
  63  4:49  Factory Reactor  
  63  4:50  Terran Infantry Weapons Level 1  
  63  4:51  Barracks  
  63  4:52  SCV x2  
  65  4:53  Barracks  
  65  4:56  Refinery  
  65  4:57  Terran Infantry Armor Level 1  
  65  4:58  Refinery  
  65  5:02  SCV  
  65  5:04  SCV x2  
  68  5:12  Supply Depot  
  68  5:13  Supply Depot  
  68  5:15  SCV  
  68  5:16  SCV x2  
  71  5:27  Orbital Command  
  71  5:28  Barracks  
  71  5:29  SCV x2, Barracks  
  71  5:32  Starport Reactor  
  73  5:40  Supply Depot  
  73  5:41  Supply Depot  
  73  5:42  Supply Depot  
  73  5:43  Siege Tank  
  73  5:48  SCV x2  
  78  5:53  SCV  
  78  5:54  Marine x3  
  78  5:55  Marine x2  
  84  5:59  Armory  
  84  6:00  SCV x2  
  86  6:04  Combat Shield  
  86  6:05  SCV  
  86  6:08  Refinery  
  86  6:10  Supply Depot  
  87  6:12  SCV x2  
  87  6:13  Medivac x2  
  93  6:24  Barracks Reactor x2, Marine x4  
  93  6:25  Marine  
  98  6:37  Siege Tank  
  98  6:39  SCV x2  
  103  6:41  Marine  
  103  6:42  Supply Depot, Marine x4  
  103  6:43  Supply Depot  
  108  6:59  Marine  
  109  7:02  Marine x3  
  109  7:03  Marine x5  
  117  7:09  Terran Infantry Weapons Level 2, Terran Infantry Armor Level 2  
  117  7:10  Barracks x2  
  117  7:11  Barracks  
  117  7:17  Marine  
  117  7:20  Siege Tank  
  117  7:21  Medivac x2  
  125  7:23  Supply Depot  
  125  7:25  Supply Depot  
  125  7:35  Marine x6, Marauder  
  125  7:36  Marine  
  134  7:43  Concussive Shells  
  134  7:47  Supply Depot  
  134  7:48  Supply Depot  
  134  7:56  Marauder  
  134  7:57  Barracks Tech Lab x2  
  134  7:58  Barracks Tech Lab, Marine x3  
  135  7:59  Marine x5  
  143  8:11  Medivac, Siege Tank  
  143  8:12  Medivac  
  150  8:16  Marine  
  150  8:17  Supply Depot, Marauder  
  152  8:28  Marine x2  
  152  8:29  Marine x2  
  152  8:30  Marine x3, Marauder x3  
  152  8:34  Marine  
  165  8:39  Marauder  
  155  8:41  Medivac  
  155  8:42  Medivac  
  155  8:43  Siege Tank  
  159  8:51  Marine, Marauder  
  159  8:52  Marine x7, Marauder x2  
  167  9:00  Marauder  
  168  9:11  Medivac  
  168  9:12  Medivac, Marauder  
  168  9:16  Siege Tank, Marauder x2  
  181  9:36  Refinery, Command Center  
  181  9:37  Factory  
  181  9:40  Supply Depot, Marine  
  181  9:41  Marine, Marauder  
  181  9:42  Marine x4  
  181  10:01  Marauder x2, Marine x4  
  189  10:09  Marine x2  
  189  10:11  Marine x2  
  189  10:12  Marauder x2  
  184  10:19  Marine x2  
  184  10:20  Marine  
  184  10:21  Marine  
  174  10:23  Marauder x2  
  174  10:26  Medivac x2, Siege Tank, Marine  
  182  10:33  Marauder  
  182  10:34  Marauder  
  177  10:35  Factory Tech Lab  
  177  10:36  SCV x3  
  180  10:44  Marauder x2  
  180  10:48  SCV x2  
  180  10:49  SCV  
  187  10:55  Marauder  
  187  10:56  Sensor Tower  
  189  11:00  SCV x2  
  159  11:14  Marine x3  
  159  11:16  Marauder  
  158  11:22  Marine x3  
Tags
 
Add a new tag
Caveats
  • Supply blocks, unpowered buildings, or Contaminate may cause inaccurate times.
  • Supply counts are checked every 10 seconds.